 Dungeon Crawl Stone Soup version 0.31-a0-977-gc230f8ef24 (webtiles) character file.

Game seed: 896735677205383089

352 Conn the Sneak (level 6, 0/36 HPs)
             Began as an Octopode Fire Elementalist on Oct 28, 2023.
             Slain by a gnoll bouda
             ... wielding a +0 club
              (11 damage)
             ... on level 3 of the Dungeon.
             The game lasted 00:04:55 (2970 turns).

Conn the Sneak (Octopode Fire Elementalist)         Turns: 2970, Time: 00:04:55

Health: 0/36       AC:  1    Str:  7    XL:     6   Next: 62%
Magic:  1/10       EV: 13    Int: 20    God:
Gold:   165        SH:  0    Dex: 12    Spells: 5/11 levels left

rFire   . . .        d - +4 quarterstaff (chaos)
rCold   . . .        (shield currently unavailable)
rNeg    . . .        (helmet restricted)
rPois   .            (no amulet)
rElec   .            (no ring)
rCorr   .            (no ring)
SInv    .            (no ring)
Will    .....        (no ring)
Stlth   ++++         (no ring)
HPRegen 0.26/turn    (no ring)
MPRegen 0.12/turn    (no ring)
                     (no ring)

%: no passive effects
@: weakened
A: almost no armour, amphibious, 8 rings, camouflage 1, gelatinous body 1,
(nimble swimmer 1), tentacles
a: no special abilities


You were on level 3 of the Dungeon.
You visited 1 branch of the dungeon, and saw 4 of its levels.

You collected 165 gold pieces.

Inventory:

Hand Weapons
 d - a +4 quarterstaff of chaos (weapon)
 e - a +1 spectral short sword
Missiles
 i - 6 javelins
Scrolls
 b - 2 scrolls of revelation
 c - a scroll of fog
 j - a scroll of amnesia
 k - a scroll of immolation {unknown}
 m - a scroll of blinking {unknown}
Potions
 a - a potion of magic
 f - 2 potions of heal wounds {unknown}
 g - a potion of might {unknown}
 h - a potion of brilliance {unknown}
 l - a potion of curing {unknown}


   Skills:
 + Level 3.3 Dodging
 + Level 4.6 Stealth
 + Level 3.1 Spellcasting
 + Level 2.7 Conjurations
 + Level 2.0 Hexes
 + Level 4.0 Fire Magic


You had 5 spell levels left.
You knew the following spells:

 Your Spells              Type           Power      Damage    Failure   Level
a - Foxfire               Conj/Fire      64%        2x1d7     3%          1
b - Scorch                Fire           38%        2d6       4%          2
c - Inner Flame           Hex/Fire       15%        N/A       12%         3

Your spell library contained the following spells:

 Spells                   Type           Power      Damage    Failure   Level
 Volatile Blastmotes      Fire/Tloc      22%        2d11      19%         3
 Hailstorm                Conj/Ice       8%         3d4       24%         3
 Flame Wave               Conj/Fire      16%        2d7       34%         4
 Summon Ice Beast         Ice/Summ       3%         N/A       80%         4
 Simulacrum               Ice/Necr       1%         N/A       100%        6


Dungeon Overview and Level Annotations

Branches:
Dungeon (4/15)
 Temple: D:4-7

Altars:

Annotations:
D:2 Sigmund
D:3 Natasha


Innate Abilities, Weirdness & Mutations

You cannot wear most types of armour.
You are amphibious.
You can wear up to eight rings at the same time.
Your skin changes colour to match your surroundings (Stealth+).
Your rubbery body absorbs attacks. (AC +1, EV +1)
((You are camouflaged when in or above water. (Stealth+)))
You have tentacles for arms and can constrict up to eight enemies at once.


Message History

Flames lash the gnoll.
The gnoll is burned terribly!
You kill the gnoll!
Unknown command.
Casting: Scorch (safe; 4% risk of failure)
Confirm with . or Enter, or press ? or * to list all spells.
Flames lash the gnoll.
The gnoll is moderately wounded.
The gnoll's fire resistance burns away.
The gnoll hits you from afar with a +0 spear.
The gnoll bouda gazes fiercely through you!
You feel as though you will be weak longer.
Casting: Scorch (safe; 4% risk of failure)
Confirm with . or Enter, or press ? or * to list all spells.
Flames lash the gnoll bouda.
The gnoll bouda is heavily wounded.
The gnoll bouda's fire resistance burns away.
The gnoll hits you from afar with a +0 spear.
The gnoll bouda hits you with a +0 club.
The gnoll completely misses you.
The gnoll bouda barks out a call to the hunt!
You climb upwards.
Level annotation: Natasha
There is a stone staircase leading down here.
You completely miss the gnoll bouda.
Natasha hisses angrily.
You grab the gnoll bouda. You squeeze the gnoll bouda.
The gnoll bouda is heavily wounded.
You constrict the gnoll bouda, but do no damage.
The gnoll bouda closely misses you.
Natasha stares at you and mumbles some strange words.
The magic dart hits you.
You hit the gnoll bouda but do no damage.
You squeeze the gnoll bouda, but do no damage.
The gnoll bouda is heavily wounded.
You constrict the gnoll bouda.
The gnoll bouda hits you with a +0 club.
Natasha stares at you and mumbles some strange words.
You resist with some effort.
The gnoll bouda hits you with a +0 club!
You die...

#...........# #...........#
#...#.......# #...#.......#
#########...#.......#
#...........#.......#
##########...................'
#)................)).......###
#...........)@g....#.......# #
#..................#.......# #
#..................#.......# #
##..................#...)...#
#
#.............##............#
#
#.............##............#
#
#...#####...####..h.........#
# #...# #...# #.........######
#...# #...# #.........'.....


You could see a gnoll bouda (combustible) and Natasha.

Vanquished Creatures
  An ogre (D:3)
  A jelly (D:4)
  Crazy Yiuf (D:2)
  An iguana (D:4)
  Natasha (D:3)
  Robin (D:4)
  3 gnolls
  5 adders
  A worm (D:2)
  5 orcs
  4 bats
  2 endoplasms
  3 giant cockroaches
  10 goblins
  9 hobgoblins
  3 jackals (D:1)
  4 quokkas
  2 ball pythons
  3 frilled lizards
  3 kobolds
  5 rats
68 creatures vanquished.

Vanquished Creatures (others)
  184 foxfires
184 creatures vanquished.

Grand Total: 252 creatures vanquished

Notes
Turn   | Place    | Note
-------+----------+-------------------------------------------
     0 | D:1      | Conn the Octopode Fire Elementalist began the quest for the
                  | Orb.
     0 | D:1      | Reached XP level 1. HP: 11/11 MP: 3/3
   191 | D:1      | Reached XP level 2. HP: 10/17 MP: 0/5
   775 | D:2      | Reached XP level 3. HP: 21/21 MP: 0/6
   850 | D:2      | Noticed Sigmund
   860 | D:1      | Learned a level 2 spell: Scorch
   864 | D:1      | Learned a level 3 spell: Inner Flame
  1140 | D:2      | Found a faded altar of an unknown god.
  1429 | D:2      | Found a runed translucent door.
  1430 | D:2      | Noticed Crazy Yiuf
  1436 | D:2      | Killed Crazy Yiuf
  1437 | D:2      | Reached XP level 4. HP: 27/27 MP: 0/7
  1944 | D:3      | Noticed an ogre
  1951 | D:3      | Killed an ogre
  1952 | D:3      | Reached skill level 1 in Hexes
  1952 | D:3      | Reached XP level 5. HP: 11/31 MP: 1/9
  2084 | D:3      | Noticed Natasha
  2088 | D:3      | Killed Natasha
  2441 | D:4      | Reached XP level 6. HP: 36/36 MP: 5/10
  2496 | D:4      | Noticed Robin
  2508 | D:4      | Killed Robin
  2958 | D:3      | Noticed Natasha
  2970 | D:3      | Slain by a gnoll bouda

Illustrated notes

Levels and vault maps discovered:
D:1:      dpeg_arrival_rooms_a, layout_rooms, minmay_misc_feat_plants,
          palyth_stone_intersect
D:2:      layout_basic, shapermc_ecumenical_altar_totnotflames,
          minmay_misc_feat_ornament, minmay_misc_feat_five, uniq_sigmund,
          uniq_crazy_yiuf_cottage
D:3:      layout_basic, uniq_natasha
D:4:      layout_layer_cave, nicolae_figureground_pulse, uniq_robin,
          uniq_eustachio

Skill      XL: |  1  2  3  4  5  6 |
---------------+-------------------+-----
Stealth        | 3 4 |  4.6
Conjurations   | 2 |  2.7
Hexes          | 1 2 |  2.0
Dodging        | 3 |  3.3
Spellcasting   | 3 |  3.1
Fire Magic     | 4 |  4.0

Action                     |  1- 3 |  4- 6 || total
---------------------------+-------+-------++-------
  Melee: Short sword       |    18 |       ||    18
         Constrict         |     7 |     4 ||    11
         Tentacles         |     6 |     4 ||    10
         Unarmed           |     2 |       ||     2
         Punch             |     1 |       ||     1
         Quarterstaff      |       |    21 ||    21
   Cast: Foxfire           |    36 |    68 ||   104
         Scorch            |     3 |    16 ||    19
    Use: Scroll            |     3 |     2 ||     5
   Stab: Sleeping          |     5 |     1 ||     6
 Armour: Skin              |     8 |    26 ||    34
  Dodge: Dodged            |     7 |    46 ||    53

Table legend: (Time is in decaauts)
 A = Elapsed time spent in this place.
 B = Non-inter-level travel time spent in this place.
 C = Inter-level travel time spent in this place.
 D = Time resting spent in this place.
 E = Time spent auto-exploring this place.
 F = Levels seen in this place.
 G = Mean time per level.
                   A        B        C        D        E       F      G
               +--------+--------+--------+--------+--------+-----+--------+
         Total |   2977 |   2879 |     98 |    254 |   2041 |   4 |  744.2 |
       Dungeon |   2977 |   2879 |     98 |    254 |   2041 |   4 |  744.2 |
               +--------+--------+--------+--------+--------+-----+--------+

Top non-repeatable levels by time:
     D:3: 1155 daAuts
     D:2: 917 daAuts
     D:1: 630 daAuts
     D:4: 274 daAuts
